 Dungeon Crawl Stone Soup version 0.16-a0-44-gd96af6c (webtiles) character file.

9224 Ololoev the Summoner (level 11, -1/84 HPs)
             Began as a Mummy Summoner on Aug 4, 2014.
             Was an Elder of Sif Muna.
             Killed from afar by a fire drake (20 damage)
             ... with a blast of flame
             ... on Level 3 of the Lair of Beasts on Aug 5, 2014.
             The game lasted 01:26:38 (19692 turns).

Ololoev the Summoner (Mummy Summoner)              Turns: 19692, Time: 01:26:38

HP  -1/84        AC 11     Str 11      XL: 11   Next: 20%
MP  12/35        EV 11     Int 17      God: Sif Muna [****..]
Gold 715         SH  0     Dex 12      Spells:  8 memorised,  2 levels left

rFire  . . .     SeeInvis .     c - +6 spear (freeze)
rCold  + . .     Clarity  .     p - +1 leather armour {rF+}
rNeg   + + +     rCorr    .     (no shield)
rPois  +         rRot     +     s - +0 helmet
rElec  .         Spirit   .     t - +2 cloak
SustAb .         Warding  .     g - +1 pair of gloves
rMut   .         Stasis   .     q - +0 pair of boots
Gourm  .                        (no amulet)
MR     +....                    d - ring of magical power
                                m - ring of wizardry

@: very slightly contaminated, somewhat resistant to hostile enchantments,
unstealthy
A: no food or potions, fire vulnerability, restore body, cold resistance 1,
negative energy resistance 3, poison resistance, torment resistance, unbreathing
a: Channel Energy, Forget Spell, Renounce Religion


You were on level 3 of the Lair of Beasts.
You worshipped Sif Muna.
Sif Muna was greatly pleased with you.
You were not hungry.

You visited 3 branches of the dungeon, and saw 14 of its levels.

You collected 715 gold pieces.

Inventory:

Hand weapons
 c - a +6 spear of freezing (weapon)
Armour
 g - a +1 pair of gloves (worn)
 p - a +1 leather armour of fire resistance (worn)
 q - a +0 pair of boots (worn)
 s - a +0 helmet (worn)
 t - a +2 cloak (worn)
Magical devices
 e - a wand of disintegration (9)
 r - a wand of fire (14)
Scrolls
 f - 6 scrolls of remove curse
 h - 5 scrolls of identify
 i - 2 scrolls of amnesia
 j - 3 scrolls of blinking
 k - 2 scrolls of magic mapping
 l - 7 scrolls of teleportation
Jewellery
 d - a ring of magical power (right hand)
 m - a ring of wizardry (left hand)
 o - an uncursed ring of fire
Books
 a - a book of Cantrips

   Spells                             Type                      Level
   Corona                             Hexes                        1
   *Animate Skeleton                  Necromancy                   1
   *Summon Small Mammal               Summoning                    1
   Apportation                        Translocation                1
 b - a book of Callings

   Spells                             Type                      Level
   *Summon Small Mammal               Summoning                    1
   *Call Imp                          Summoning                    2
   *Call Canine Familiar              Summoning                    3
   *Summon Guardian Golem             Hexes/Summoning              4
   *Summon Lightning Spire            Summoning/Air                4
   *Summon Ice Beast                  Ice/Summoning                4
 u - a book of Clouds

   Spells                             Type                      Level
   *Mephitic Cloud                    Conjuration/Poison/Air       3
   Conjure Flame                      Conjuration/Fire             3
   Poisonous Cloud                    Conjuration/Poison/Air       6
   Freezing Cloud                     Conjuration/Ice/Air          6
   Ring of Flames                     Charms/Fire                  7


   Skills:
 - Level 7.3 Fighting
 - Level 2.0 Polearms
 * Level 2.6 Dodging
 - Level 1.5 Stealth
 - Level 7.1 Spellcasting
 - Level 3.8 Conjurations
 - Level 10.4 Summonings
 + Level 1.1 Necromancy
 - Level 3.6 Air Magic


You had 2 spell levels left.
You knew the following spells:

 Your Spells              Type           Power        Failure   Level  Hunger
a - Summon Small Mammal   Summ           ####         1%          1    N/A
b - Call Imp              Summ           #####...     1%          2    N/A
c - Call Canine Familiar  Summ           #####...     1%          3    N/A
d - Summon Ice Beast      Ice/Summ       ###.....     7%          4    N/A
e - Summon Guardian Gole  Hex/Summ       ###.....     7%          4    N/A
f - Summon Lightning Spi  Summ/Air       ####....     4%          4    N/A
g - Animate Skeleton      Necr           N/A          4%          1    N/A
h - Mephitic Cloud        Conj/Pois/Air  ##......     6%          3    N/A

Dungeon Overview and Level Annotations

Branches:
Dungeon (10/15)            Temple (1/1) D:7             Orc (0/4) D:10
   Lair (3/8) D:10
  Swamp: Lair:3-6    Shoals: Lair:3-6     Snake: Lair:3-6    Spider: Lair:3-6

Altars:
Ashenzari
Cheibriados
Dithmenos
Gozag
Makhleb
Nemelex Xobeh
Okawaru
Qazlal
Sif Muna
Vehumet
Xom
Yredelemnul
Zin
The Shining One


Innate Abilities, Weirdness & Mutations

You do not eat or drink.
Your flesh is vulnerable to fire.
Your flesh is cold resistant.
You are immune to negative energy.
Your system is resistant to poisons.
You are immune to unholy pain and torment.
You can survive without breathing.


Message History

You barely miss the spiny frog.
The spiny frog is moderately wounded.
Your ice beast barely misses the crocodile.
The spiny frog stings you.
* * * LOW HITPOINT WARNING * * *
The fire drake bites your ice beast! The crocodile bites your ice beast!
Your ice beast dies!
The green rat bites your lightning spire.
Your lightning spire shoots out a bolt of electricity!
The bolt of electricity hits the green rat.
The green rat dies!
Read which item? (? for menu, Esc to quit)
Blink to where?
Press: ? - help, Dir - move target cursor
As you read the scroll of blinking, it crumbles to dust.
You are very lightly contaminated with residual magic.
Your ice beast hits the crocodile.
Your ice beast freezes the crocodile.
The fire drake breathes flames at you. The blast of flame hits you!
You die...

..............#
!........ยง.....#.
.#......%8.......
.......YtkF......#
##P.P...r......##
....!.......###.
...#.......P#
...#......P#
.$.....#P@#
.##..###.# #..#
#.. . .... .^...
....... ^...!...
....^... ...


You could see a spiny frog, a fire drake, a crocodile, a green rat, a friendly
ice beast and a friendly lightning spire.

Vanquished Creatures
  A centaur warrior (D:9)
  An unseen horror (D:10)
  Pikel (D:6)
  A hill giant (D:10)
  A komodo dragon (Lair:2)
  A yak (D:9)
  A hippogriff (D:9)
  A hill giant skeleton (D:10)
  A hungry ghost (D:10)
  Edmund (D:7)
  2 wolves (Lair:1)
  A porcupine (Lair:1)
  3 ice beasts
  A water moccasin (Lair:2)
  A sky beast (D:8)
  A phantom (D:8)
  2 crocodiles
  A manticore skeleton (D:9)
  8 giant frogs
  A wyvern skeleton (D:10)
  2 scorpions
  A jelly (D:7)
  A killer bee (D:7)
  7 crimson imps
  6 hounds
  A gnoll shaman (D:8)
  2 goliath beetles
  4 worker ants
  A centaur zombie (D:7)
  2 orc priests
  2 green rats
  3 iguanas
  An orc wizard (D:8)
  Ijyb (D:7)
  A hound skeleton (D:4)
  13 adders
  A gnoll (D:5)
  A worm (D:2)
  An adder zombie (D:8)
  7 giant geckos
  2 oozes
  18 orcs
  4 ball pythons
  13 bats
  8 giant cockroaches
  18 hobgoblins
  6 giant newts
  14 goblins
  2 goblin skeletons (D:4)
  2 hobgoblin zombies (D:4)
  13 jackals
  14 kobolds
  A kobold skeleton (D:4)
  2 orc zombies
  6 quokkas
  12 rats
  A rat zombie (D:6)
225 creatures vanquished.

Vanquished Creatures (collateral kills)
  Nergalle (Lair:2)
  2 hill giants (D:10)
  Joseph (D:7)
  A spiny frog (Lair:2)
  A fire drake (Lair:1)
  A komodo dragon (Lair:2)
  A polar bear (Lair:2)
  2 wyverns
  5 yaks (D:9)
  A steam dragon (D:9)
  A hippogriff (Lair:1)
  A wolf (Lair:1)
  2 ice beasts (D:9)
  2 orc warriors
  2 centaurs
  8 ogres
  4 giant frogs
  A cyclops skeleton (D:9)
  A scorpion (D:10)
  A troll zombie (D:9)
  12 killer bees
  5 jellies
  A quasit (D:7)
  3 orc priests
  Crazy Yiuf (D:3)
  3 hounds
  5 orc wizards
  An elf skeleton (D:7)
  An ogre zombie (D:7)
  A hound skeleton (D:8)
  A worker ant zombie (D:9)
  An adder (Lair:3)
  8 gnolls
  8 green rats
  An adder skeleton (D:6)
  2 giant geckos
  4 oozes (D:8)
  17 orcs
  3 bats
  A goblin (D:6)
  A hobgoblin (D:7)
  A jackal (D:4)
  2 quokkas
  An orc skeleton (D:9)
  A quokka skeleton (D:9)
  2 spectral orcs (Lair:2)
  A fungus (Lair:3)
127 creatures vanquished.

Vanquished Creatures (others)
  A hill giant skeleton (D:10)
  A water moccasin (Lair:1)
  A necrophage (D:6)
  2 guardian golems (D:9)
  A slave (D:6)
  A wyvern skeleton (D:10)
  2 yak skeletons (D:9)
  A hippogriff skeleton (D:9)
  A wolf skeleton (Lair:1)
  A crimson imp (D:5)
  A centaur skeleton (D:6)
  13 hounds
  18 ice beasts
  A giant frog skeleton (Lair:1)
  A porcupine skeleton (Lair:1)
  A hound skeleton (D:6)
  4 lightning spires (D:9)
  A white imp (D:5)
  An adder skeleton (D:10)
  2 bats (D:6)
  A bat zombie (D:6)
  An orc skeleton (D:9)
  A plant (D:10)
58 creatures vanquished.

Grand Total: 410 creatures vanquished

Notes
Turn   | Place    | Note
--------------------------------------------------------------
     0 | D:1      | Ololoev, the Mummy Summoner, began the quest for the Orb.
     0 | D:1      | Reached XP level 1. HP: 13/13 MP: 3/3
   544 | D:1      | Reached XP level 2. HP: 16/19 MP: 4/4
   721 | D:1      | Learned a level 2 spell: Call Imp
   931 | D:1      | Reached skill level 4 in Summonings
  1286 | D:2      | Reached XP level 3. HP: 21/24 MP: 6/6
  1556 | D:2      | Learned a level 3 spell: Call Canine Familiar
  2043 | D:2      | Reached XP level 4. HP: 27/30 MP: 7/7
  2172 | D:2      | Reached skill level 1 in Polearms
  3267 | D:3      | Reached XP level 5. HP: 35/35 MP: 9/9
  3535 | D:3      | Found a radiant altar of Vehumet.
  3587 | D:4      | Noticed an ogre
  3678 | D:4      | Found a glowing golden altar of the Shining One.
  3703 | D:4      | Reached skill level 5 in Summonings
  3868 | D:4      | Killed an ogre
  4072 | D:4      | Found a shattered altar of Ashenzari.
  4236 | D:4      | Reached XP level 6. HP: 33/41 MP: 2/10
  4918 | D:5      | Entered Level 5 of the Dungeon
  5425 | D:5      | Reached skill level 6 in Summonings
  6381 | D:5      | Reached XP level 7. HP: 33/46 MP: 3/12
  6457 | D:5      | Found a basalt altar of Yredelemnul.
  6703 | D:5      | Found a sparkling altar of Nemelex Xobeh.
  6739 | D:5      | Found a shadowy altar of Dithmenos.
  7128 | D:5      | Reached skill level 7 in Summonings
  7802 | D:6      | Learned a level 4 spell: Summon Ice Beast
  7808 | D:6      | Noticed Pikel
  7833 | D:6      | Killed Pikel
  7833 | D:6      | Reached skill level 8 in Summonings
  7833 | D:6      | Reached XP level 8. HP: 31/52 MP: 3/13
  7983 | D:6      | Found an iron altar of Okawaru.
  8165 | D:6      | Reached skill level 9 in Summonings
  8644 | D:3      | Noticed Crazy Yiuf
  8653 | D:3      | Killed Crazy Yiuf
  9454 | D:7      | Found a staircase to the Ecumenical Temple.
  9476 | Temple   | Entered the Ecumenical Temple
  9488 | Temple   | Became a worshipper of Sif Muna the Loreminder
  9884 | D:7      | Noticed Ijyb
  9891 | D:7      | Killed Ijyb
 10181 | D:7      | Noticed Edmund
 10333 | D:7      | Noticed Joseph
 10348 | D:7      | Killed Joseph
 10348 | D:7      | Acquired Sif Muna's first power
 10348 | D:7      | Reached XP level 9. HP: 4/57 MP: 7/20
 10538 | D:7      | Killed Edmund
 10865 | D:7      | HP: 2/57 [orc wizard/magic dart (7)]
 11341 | D:7      | Reached skill level 5 in Spellcasting
 11349 | D:7      | Learned a level 4 spell: Summon Guardian Golem
 11354 | D:7      | Learned a level 4 spell: Summon Lightning Spire
 11488 | D:7      | Reached skill level 10 in Summonings
 11939 | D:8      | Found a burning altar of Makhleb.
 11971 | D:8      | Acquired Sif Muna's second power
 12594 | D:8      | Found a stormy altar of Qazlal.
 12594 | D:8      | Found a snail-covered altar of Cheibriados.
 12995 | D:8      | Reached skill level 1 in Fighting
 13654 | D:9      | Upgraded the game from 0.16-a0-38-g23a437e to 0.16-a0-44-gd96af6c
 13715 | D:9      | Reached XP level 10. HP: 38/68 MP: 18/25
 13737 | D:9      | Learned a level 1 spell: Animate Skeleton
 13883 | D:9      | Learned a level 3 spell: Mephitic Cloud
 14039 | D:9      | Found a glowing silver altar of Zin.
 14039 | D:9      | Found an opulent altar of Gozag.
 14173 | D:9      | Reached skill level 1 in Conjurations
 14173 | D:9      | Reached skill level 1 in Air Magic
 14277 | D:9      | Noticed a centaur warrior
 14304 | D:9      | Killed a centaur warrior
 14667 | D:10     | Entered Level 10 of the Dungeon
 15531 | D:10     | Killed an unseen horror
 15776 | D:10     | Reached skill level 5 in Fighting
 15974 | D:10     | Noticed a hill giant
 15980 | D:10     | Killed a hill giant
 16112 | D:10     | Found a staircase to the Orcish Mines.
 16117 | D:10     | Found a staircase to the Lair.
 16280 | D:10     | Noticed a hill giant
 16293 | D:10     | Killed a hill giant
 16601 | Lair:1   | Entered Level 1 of the Lair of Beasts
 16771 | Lair:1   | Identified a scroll of acquirement
 16772 | Lair:1   | Got a bloodstained cloak
 16784 | Lair:1   | Identified the -1 cloak of Strusk {rF+} (You acquired it on level 1 of the Lair of Beasts)
 17972 | Lair:2   | Noticed Nergalle
 17983 | Lair:2   | Killed Nergalle
 17983 | Lair:2   | Reached XP level 11. HP: 81/84 MP: 17/26
 18326 | D:10     | Killed a hill giant
 18527 | D:2      | Got a warped mace
 18528 | D:2      | Identified the +0 mace of Seuvue {crush, rC+} (You found it on level 2 of the Dungeon)
 18931 | Lair:2   | Acquired Sif Muna's third power
 19352 | Lair:2   | Reached skill level 1 in Necromancy
 19692 | Lair:3   | Killed from afar by a fire drake

Action                   |  1- 3 |  4- 6 |  7- 9 | 10-12 || total
-------------------------+-------+-------+-------+-------++-------
Melee: Spear             |   113 |   275 |   431 |   268 ||  1087
       Unarmed           |     2 |       |       |       ||     2
 Cast: Summon Small Mamm |     7 |       |     1 |       ||     8
       Call Imp          |       |    14 |     7 |       ||    21
       Call Canine Famil |       |    11 |    23 |     4 ||    38
       Summon Ice Beast  |       |       |    69 |    49 ||   118
       Summon Lightning  |       |       |     5 |     8 ||    13
       Summon Guardian G |       |       |     5 |       ||     5
       Mephitic Cloud    |       |       |       |    22 ||    22
       Animate Skeleton  |       |       |       |    21 ||    21
Invok: Channel Energy    |       |       |     9 |       ||     9
Evoke: Wand              |       |       |     1 |     5 ||     6
  Use: Scroll            |     5 |       |    11 |     6 ||    22
 Stab: Sleeping          |     7 |     4 |     5 |     2 ||    18
       Distracted        |       |     3 |     4 |       ||     7
